 Dungeon Crawl Stone Soup version 0.29.1-2-gbd0b4ee654 (webtiles) character file.

Game seed: 18129089222178488491

2 try the Caller (level 1, 9/13 HPs)
             Began as a Vampire Summoner on Nov 17, 2022.
             Quit the game on level 1 of the Dungeon.
             The game lasted 00:02:12 (80 turns).

try the Caller (Vampire Summoner)                     Turns: 80, Time: 00:02:12

Health: 9/13       AC:  2    Str:  7    XL:     1   Next: 33%
Magic:  2/3        EV: 12    Int: 17    God:
Gold:   8          SH:  0    Dex: 14    Spells: 3/4 levels left

rFire   . . .      SeeInvis +   (no weapon)
rCold   . . .      Faith    .   (no shield)
rNeg    . . .      Spirit   .   a - +0 robe
rPois   .          Reflect  .   (no helmet)
rElec   .          Harm     .   (no cloak)
rCorr   .          Rampage  .   (no gloves)
Will    .....                   (no boots)
Stlth   ++........              (no amulet)
HPRegen 0.24/turn               (no ring)
MPRegen 0.08/turn               (no ring)

@: healing quickly
A: alive, fangs 3, see invisible, vampiric 1
a: Exsanguinate


You were on level 1 of the Dungeon.
You visited 1 branch of the dungeon, and saw 1 of its levels.

You collected 8 gold pieces.

Inventory:

Armour
 a - a +0 robe (worn)
Scrolls
 c - a scroll of blinking {unknown}
Potions
 b - a potion of magic


   Skills:
 + Level 2.2 Dodging
 + Level 3.0 Stealth
 + Level 2.0 Spellcasting
 + Level 4.1 Summonings


You had 3 spell levels left.
You knew the following spells:

 Your Spells              Type           Power      Damage    Failure   Level
a - Summon Small Mammal   Summ           60%        N/A       3%          1

Your spell library contained the following spells:

 Spells                   Type           Power      Damage    Failure   Level
 Call Imp                 Summ           15%        N/A       5%          2
 Call Canine Familiar     Summ           15%        N/A       11%         3
 Summon Guardian Golem    Hex/Summ       8%         N/A       26%         3
 Summon Lightning Spire   Summ/Air       8%         N/A       63%         4


Dungeon Overview and Level Annotations

Branches:
Dungeon (1/15)

Altars:


Innate Abilities, Weirdness & Mutations

Your natural rate of healing is accelerated.
You have razor-sharp teeth.
You have supernaturally acute eyesight. (SInv)
You are afflicted with vampirism.


Message History

The hobgoblin is heavily wounded.
Your bat closely misses the hobgoblin.
The hobgoblin misses you.
You hit the hobgoblin but do no damage. Your bite misses the hobgoblin.
The hobgoblin is heavily wounded.
Your bat barely misses the hobgoblin.
The hobgoblin barely misses you.
Your bat barely misses the hobgoblin.
You hit the hobgoblin but do no damage.
The hobgoblin is heavily wounded.
Your bat barely misses the hobgoblin.
The hobgoblin closely misses you.
You hit the hobgoblin.
The hobgoblin is severely wounded.
The hobgoblin completely misses you.
Your bat closely misses the hobgoblin.
You hit the hobgoblin but do no damage.
The hobgoblin is severely wounded.
Your bat hits the hobgoblin but does no damage.
The hobgoblin misses you.
You closely miss the hobgoblin.
The hobgoblin is severely wounded.
Your bat hits the hobgoblin but does no damage.
Your bat misses the hobgoblin. The hobgoblin hits your bat.
Your bat dies!
Your bat's corpse disappears in a puff of smoke!
The hobgoblin shouts!
You hit the hobgoblin.
The hobgoblin is almost dead.
The hobgoblin hits you.
You closely miss the hobgoblin.
The hobgoblin is almost dead.
The hobgoblin hits you.
You hit the hobgoblin but do no damage. You punch the hobgoblin.
You kill the hobgoblin!
You see here a hobgoblin corpse.
Unknown command.
Unknown command.
Found 7 stones.
Unknown command.
Unknown command.
Unknown command.
Unknown command.
Are you sure you want to abandon this character and quit the game? (Confirm with "yes".)

#.## . ... #. #.#
#.######.#
#........#########
#...###..........####
+......†.............
#........†.##.#######
#....@.....##.##
##.........##..##
.............###..#
#### ......##.....#
##.###~~≈ .!....
####### ##.##.~##
...... #..##....
..... ##....P...
....( #.....~..~
#...PP.~..


There were no monsters in sight!

Vanquished Creatures
  A hobgoblin (D:1)
1 creature vanquished.

Vanquished Creatures (collateral kills)
  A hobgoblin (D:1)
1 creature vanquished.

Grand Total: 2 creatures vanquished

Notes
Turn   | Place    | Note
-------+----------+-------------------------------------------
     0 | D:1      | try the Vampire Summoner began the quest for the Orb.
     0 | D:1      | Reached XP level 1. HP: 13/13 MP: 3/3
    80 | D:1      | Quit the game

Illustrated notes

Levels and vault maps discovered:
D:1:      lemuel_arrival_muddy, layout_basic

Action                   || total
-------------------------++-------
Melee: Unarmed           ||    14
       Punch             ||     1
       Bite              ||     1
 Cast: Summon Small Mamm ||     5
Armor: Robe              ||     4
Dodge: Dodged            ||    16
